 Dungeon Crawl Stone Soup version 0.23-a0-301-g9da9e51 (webtiles) character file.

9 vierth the Sneak (level 2, 0/13 HPs)
             Began as a Spriggan Enchanter on Oct 7, 2018.
             Slain by a hobgoblin
             ... wielding a cursed -1 club
              (7 damage)
             ... on level 1 of the Dungeon.
             The game lasted 00:01:59 (1118 turns).

vierth the Sneak (Spriggan Enchanter)               Turns: 1118, Time: 00:02:00

Health: 0/13       AC:  2    Str:  4    XL:     2   Next: 6%
Magic:  6/6        EV: 17    Int: 16    God:
Gold:   21         SH:  5    Dex: 16    Spells: 3/6 levels left

rFire    . . .     SeeInvis +   a - +1 dagger
rCold    . . .     Gourm    .   e - +0 buckler
rNeg     + . .     Faith    .   b - +0 robe
rPois    .         Spirit   .   (helmet restricted)
rElec    .         Reflect  .   (no cloak)
rCorr    .         Harm     .   (gloves unavailable)
MR       .....                  (boots unavailable)
Stlth    +++.......             (no amulet)
HPRegen  0.04/turn              c - ring of positive energy
MPRegen  0.10/turn              (no ring)

@: very quick
A: very small, unfitting armour, see invisible, herbivore, speed 3, slow
metabolism 2
a: no special abilities


You were on level 1 of the Dungeon.
You were not hungry.

You visited 1 branch of the dungeon, and saw 1 of its levels.

You collected 21 gold pieces.

Inventory:

Hand Weapons
 a - a +1 dagger (weapon)
Armour
 b - a +0 robe (worn)
 e - a +0 buckler (worn)
Jewellery
 c - a ring of positive energy (left hand)
Scrolls
 f - a scroll of teleportation {unknown}
 g - a scroll of amnesia {unknown}
Comestibles
 d - 4 rations


   Skills:
 * Level 1.6 Short Blades
 - Level 3.0 Dodging
 + Level 4.5 Stealth
 + Level 0.1 Shields
 + Level 2.9 Spellcasting
 + Level 3.8 Hexes


You had 3 spell levels left.
You knew the following spells:

 Your Spells              Type           Power        Failure   Level  Hunger
a - Corona                Hex            ##.....      7%          1    #......
b - Ensorcelled Hibernat  Hex/Ice        #.....       22%         2    ##.....

Your spell library contained the following spells:

 Spells                   Type           Power        Failure   Level  Hunger
 Confuse                  Hex            ##......     21%         3    ###....
 Tukima's Dance           Hex            ##......     21%         3    ###....
 Dazzling Spray           Conj/Hex       #.....       41%         3    ###....


Dungeon Overview and Level Annotations

Branches:
Dungeon (1/15)

Altars:


Innate Abilities, Weirdness & Mutations

You are very small and have problems with some larger weapons.
You are too small for most types of armour.
You have supernaturally acute eyesight. (SInv)
You are a herbivore.
You cover ground extremely quickly.
You need to consume almost no food.


Message History

You kill the bat!
You see here a bat corpse.
You now have 21 gold pieces (gained 11).
You see here a bat corpse.
You see here a rat corpse.
Done exploring.
Done exploring.
c - a ring of positive energy (left hand) Done exploring.
The hobgoblin is too close now for your liking.
The hobgoblin shouts!
You barely miss the hobgoblin. You block the hobgoblin's attack.
You barely miss the hobgoblin. The hobgoblin hits you with a club.
You hit the hobgoblin.
The hobgoblin is lightly wounded.
You closely miss the hobgoblin.
The hobgoblin is lightly wounded.
The hobgoblin hits you with a club!
Ouch! That really hurt!
You die...

#.##.# #.# ######.#...########.
#.##.# #.# #>..................
#.##.# #.# #.####.....########.
##.##.####.# #.#...........#.#.#.
#..........###.#.###..#.##.#.#...
#.....#####.............##.#.#.##
......................####.#.#.##
...............#.#...............
#...#.#.#.......@................
#...#.#.#.#.....g............#...
#...#.#.#.#####...#..##.##.#.####
#...(.#..........................
#..##...........#....##.##.#.####
...........................#.# #
##.##.........##...........#.# #
#...............##รท##.....#.# #
#.##.#########..#.).#..##.#.# #


You could see a hobgoblin.

Vanquished Creatures
  A giant cockroach (D:1)
  A goblin (D:1)
  4 bats (D:1)
  A frilled lizard (D:1)
  3 rats (D:1)
10 creatures vanquished.

Notes
Turn   | Place    | Note
-------+----------+-------------------------------------------
     0 | D:1      | vierth the Spriggan Enchanter began the quest for the Orb.
     0 | D:1      | Reached XP level 1. HP: 9/9 MP: 5/5
   816 | D:1      | Reached XP level 2. HP: 11/13 MP: 6/6
   820 | D:1      | Learned a level 2 spell: Ensorcelled Hibernation
  1118 | D:1      | Slain by a hobgoblin

Vault maps used:
D:1:      nicolae_arrival_memento_mori, minmay_split_cup_small

Action                   || total
-------------------------++-------
Melee: Dagger            ||    21
 Cast: Corona            ||     1
 Stab: Sleeping          ||     5
Armor: Robe              ||     2
Dodge: Dodged            ||    13
Block: Buckler           ||     7

Table legend:
 A = Non-vault XP
 B = Vault XP
 C = Vault XP percentage of total XP
 D = Non-vault monster count
 E = Vault monster count
 F = Vault count percentage of total count
                 A         B        C        D         E       F
            +---------+---------+-------+---------+---------+-------
      Total |      13 |       1 |   7.1 |       9 |       1 |  10.0
            +---------+---------+-------+---------+---------+-------
        D:1 |      13 |       1 |   7.1 |       9 |       1 |  10.0
            +---------+---------+-------+---------+---------+-------
